 Dungeon Crawl Stone Soup version 0.30.0-10-gfe55d96785 (webtiles) character file.

Game seed: 15516918305145662366

1336 qw the Chopper (level 8, -1/51 HPs)
             Began as a Gargoyle Cinder Acolyte on May 17, 2023.
             Was an Elder of Ignis.
             Slain by a yak (7 damage)
             ... on level 6 of the Dungeon.
             The game lasted 00:02:00 (4345 turns).

qw the Chopper (Gargoyle Cinder Acolyte)            Turns: 4345, Time: 00:02:00

Health: -1/51      AC: 23    Str: 20    XL:     8   Next: 61%
Magic:  9/9        EV:  7    Int: 15    God:    Ignis [****..]
Gold:   317        SH:  5    Dex:  5    Spells: 9/9 levels left

rFire   + . .        Y - +0 war axe (venom)
rCold   . . .        b - +2 buckler
rNeg    + . .        k - +0 chain mail
rPois   inf          (no helmet)
rElec   +            m - +1 cloak
rCorr   .            (no gloves)
SInv    .            (no boots)
Will    .....        (no amulet) Stlth
                     (no ring)
HPRegen 0.28/turn    (no ring)
MPRegen 0.11/turn

%: no passive effects
@: about to teleport, fiery-armoured
A: sickness immunity, AC +5, negative energy resistance 1, electricity
resistance, torment resistance 1, petrification resistance
a: Renounce Religion, Fiery Armour, Foxfire Swarm, Rising Flame


You were on level 6 of the Dungeon.
You worshipped Ignis.
Ignis was greatly pleased with you.
You visited 1 branch of the dungeon, and saw 6 of its levels.

You collected 317 gold pieces.


Innate Abilities, Weirdness & Mutations

You are immune to sickness and miasma.
Your stone body is resilient. (AC +5)
You are immune to poison.
You resist negative energy. (rN+)
You are resistant to electric shocks. (rElec)
You are resistant to unholy torment.
You are immune to petrification.


   Skills:
 - Level 5.8 Fighting
 + Level 7.0 Axes
 - Level 2.8 Throwing
 - Level 3.2 Armour
 - Level 3.5 Shields
 - Level 1.0 Spellcasting
 - Level 3.0 Fire Magic


You had 9 spell levels left.
You didn't know any spells.
Your spell library contained the following spells:

 Spells                   Type           Power      Damage    Failure   Level
 Scorch                   Fire           18%        2d5       71%         2

Inventory:

Hand Weapons
 e - a -1 hand axe of flaming
 Y - a +0 war axe of venom (weapon)
Missiles
 n - a javelin (quivered)
Armour
 b - a +2 buckler (worn)
 k - a +0 chain mail (worn)
 m - a +1 cloak (worn)
Scrolls
 c - a scroll of enchant weapon {unknown}
 j - a scroll of identify
Potions
 a - 2 potions of might
 d - a potion of degeneration {unknown}
 f - a potion of curing
 g - a potion of attraction {unknown}
 l - a potion of mutation {unknown}

Dungeon Overview and Level Annotations

Branches:
Dungeon (6/15)             Temple (0/1) D:4

Altars:
Uskayaw

Shops:
D:6 !

Annotations:
D:5 2 transporters, qw's ghost, novice GrCA


Message History

The yak gores you.
The yak is burned by your cloak of flames.
The yak is severely wounded.
The yak barely misses you.
You slash the yak!
You kill the yak!
You barely miss the yak. x2; You hit the yak.
The yak looks as sick as possible!
You block the yak's attack. The yak gores you!
The yak is burned by your cloak of flames.
The yak is heavily wounded.
The yak closely misses you.
Your Fighting skill increases to level 5!
4343 ||| READING scroll of teleportation.
As you read the scroll of teleportation, it crumbles to dust.
You feel strangely unstable. The yak gores you but does no damage.
The yak is burned by your cloak of flames.
You kill the yak!
The yak gores you.
The yak is burned by your cloak of flames.
The yak is heavily wounded.
The yak gores you but does no damage.
The yak is burned by your cloak of flames.
The yak is lightly wounded.
Your Throwing skill increases to level 2!
You barely miss the yak.
The yak is heavily wounded.
You hit the yak.
The yak is poisoned.
You hit the yak. The yak gores you.
The yak is burned by your cloak of flames.
The yak is heavily wounded.
The yak barely misses you. x2
You completely miss the yak.
The yak is heavily wounded.
You closely miss the yak. You hit the yak but do no damage.
The yak looks as sick as possible!
You hit the yak but do no damage.
The yak is poisoned.
You hear the brisk rusting of a very distant drain.
The yak gores you!
You die...

## ##...# # ##...##
#...## ##..## Y
##..## ## #..Y...
##..## .# #.....(..
###..## . #....
#....###...##
.##...# ##
#...Y@..##
.#....#...
#...YYY## ....#...#
##.....# ......#
#.....# ....#
#......# ...## ##
.......\.
#.####........##...
..###...#.....
##\.\ .......##...#
##..


You could see 4 yaks.

Vanquished Creatures
  2 yaks (D:6)
  2 black bears
  An ogre (D:6)
  A bullfrog (D:6)
  3 scorpions (D:5)
  4 hounds
  2 jellies (D:4)
  3 orc priests
  3 iguanas
  2 orc wizards
  3 gnolls (D:2)
  2 adders
  3 dart slugs
  12 orcs
  7 bats
  5 endoplasms
  3 giant cockroaches
  8 goblins
  8 hobgoblins
  3 jackals (D:5)
  6 quokkas
  7 ball pythons
  3 frilled lizards
  3 kobolds
  6 rats
102 creatures vanquished.

Notes
Turn   | Place    | Note
-------+----------+-------------------------------------------
     0 | D:1      | qw the Gargoyle Cinder Acolyte began the quest for the Orb.
     0 | D:1      | Reached XP level 1. HP: 14/14 MP: 2/2
     0 | D:1      | 0 ||| qw: Version: 0.2-a-95-g206ef33
     0 | D:1      | 0 ||| qw: Game counter: 173
     0 | D:1      | 0 ||| qw: Always use a shield: true
     0 | D:1      | 0 ||| qw: God list: Okawaru
     0 | D:1      | 0 ||| qw: Allow faded altars: false
     0 | D:1      | 0 ||| qw: Do Orc after D:15 true
     0 | D:1      | 0 ||| qw: Do second Lair branch before Depths: true
     0 | D:1      | 0 ||| qw: Lair rune preference: random
     0 | D:1      | 0 ||| qw: Plans: Normal
     0 | D:1      | 0 ||| PLANNING D:1-11
   133 | D:1      | Reached skill level 3 in Axes
   151 | D:1      | Reached XP level 2. HP: 18/19 MP: 3/3
   351 | D:1      | 351 ||| Stepping ~*~*~tactically~*~*~ (stealth).
   378 | D:1      | Reached XP level 3. HP: 23/23 MP: 4/4
   817 | D:1      | 817 ||| READING scroll labelled QORUCUATSI.
   818 | D:1      | 818 ||| READING scroll labelled HEXAOCIRCHEA.
   819 | D:1      | 819 ||| DRINKING 2 fuming silvery potions.
   820 | D:1      | 820 ||| DROPPING potion of flight.
   883 | D:2      | 883 ||| SWAPPING to +0 war axe.
   985 | D:2      | Reached skill level 4 in Axes
  1241 | D:2      | 1241 ||| Stepping ~*~*~tactically~*~*~ (stealth).
  1243 | D:2      | 1243 ||| INVOKING Fiery Armour.
  1249 | D:2      | Reached XP level 4. HP: 28/28 MP: 5/5
  1524 | D:2      | 1524 ||| UPGRADING to +0 scale mail.
  1534 | D:2      | 1534 ||| DROPPING +0 robe.
  1535 | D:2      | 1535 ||| READING scroll labelled XENE QINATEOPS.
  1536 | D:2      | 1536 ||| READING scroll labelled WIZOHUIKHLOPIU.
  1537 | D:2      | 1537 ||| READING scroll labelled OMENLO DYOL.
  1538 | D:2      | 1538 ||| READING scroll labelled GOMEUCUICS.
  1539 | D:2      | 1539 ||| READING scroll labelled FENILI CUUMUJAF.
  1865 | D:3      | 1865 ||| Stepping ~*~*~tactically~*~*~ (hiding).
  1904 | D:3      | 1904 ||| Stepping ~*~*~tactically~*~*~ (stealth).
  1908 | D:3      | 1908 ||| Stepping ~*~*~tactically~*~*~ (hiding).
  1909 | D:3      | 1909 ||| Stepping ~*~*~tactically~*~*~ (hiding).
  2233 | D:3      | Reached XP level 5. HP: 30/32 MP: 6/6
  2380 | D:3      | 2380 ||| UPGRADING to +2 buckler.
  2385 | D:3      | 2385 ||| UPGRADING to +0 chain mail.
  2395 | D:3      | 2395 ||| DROPPING +0 scale mail.
  2396 | D:3      | 2396 ||| UPGRADING to +0 cloak.
  2401 | D:3      | 2401 ||| READING scroll of enchant armour.
  2401 | D:3      | 2401 ||| ENCHANTING +0 cloak.
  2402 | D:3      | 2402 ||| READING scroll labelled XOTZIR GYM.
  2453 | D:4      | Found a staircase to the Ecumenical Temple.
  2534 | D:4      | 2534 ||| INVOKING Fiery Armour.
  2538 | D:4      | Reached skill level 1 in Shields
  2640 | D:4      | Noticed a black bear
  2643 | D:4      | 2643 ||| Stepping ~*~*~tactically~*~*~ (stealth).
  2644 | D:4      | 2644 ||| Stepping ~*~*~tactically~*~*~ (stealth).
  2646 | D:4      | 2646 ||| INVOKING Fiery Armour.
  2647 | D:4      | 2647 ||| Stepping ~*~*~tactically~*~*~ (stealth).
  2652 | D:4      | Killed a black bear
  2653 | D:4      | Reached skill level 3 in Shields
  2653 | D:4      | Reached XP level 6. HP: 36/37 MP: 7/7
  2685 | D:4      | 2685 ||| Stepping ~*~*~tactically~*~*~ (stealth).
  2686 | D:4      | 2686 ||| Stepping ~*~*~tactically~*~*~ (stealth).
  2688 | D:4      | 2688 ||| Stepping ~*~*~tactically~*~*~ (stealth).
  2697 | D:4      | 2697 ||| Stepping ~*~*~tactically~*~*~ (hiding).
  2755 | D:4      | 2755 ||| Stepping ~*~*~tactically~*~*~ (stealth).
  2764 | D:4      | Reached skill level 5 in Axes
  2802 | D:4      | 2802 ||| Stepping ~*~*~tactically~*~*~ (stealth).
  2890 | D:4      | Found a hide-covered altar of Uskayaw.
  2892 | D:4      | 2892 ||| Stepping ~*~*~tactically~*~*~ (hiding).
  2893 | D:4      | 2893 ||| Stepping ~*~*~tactically~*~*~ (hiding).
  2894 | D:4      | 2894 ||| Stepping ~*~*~tactically~*~*~ (hiding).
  2895 | D:4      | 2895 ||| Stepping ~*~*~tactically~*~*~ (hiding).
  2899 | D:4      | 2899 ||| INVOKING Fiery Armour.
  3142 | D:4      | 3142 ||| READING 2 scrolls labelled IROKOMMO TUICH.
  3145 | D:4      | 3145 ||| READING 2 scrolls of identify.
  3145 | D:4      | 3145 ||| IDENTIFYING dark potion
  3154 | D:5      | Entered Level 5 of the Dungeon
  3159 | D:5      | Noticed qw's ghost (novice GrCA)
  3173 | D:5      | Reached skill level 1 in Throwing
  3173 | D:5      | Reached XP level 7. HP: 43/43 MP: 8/8
  3244 | D:5      | 3244 ||| Stepping ~*~*~tactically~*~*~ (stealth).
  3294 | D:5      | Found a transporter.
  3306 | D:5      | Found a transporter.
  3479 | D:5      | 3479 ||| Stepping ~*~*~tactically~*~*~ (hiding).
  3697 | D:5      | 3697 ||| Stepping ~*~*~tactically~*~*~ (stealth).
  3699 | D:5      | 3699 ||| Stepping ~*~*~tactically~*~*~ (stealth).
  3714 | D:5      | Reached skill level 6 in Axes
  3855 | D:5      | Reached skill level 3 in Armour
  3894 | D:5      | 3894 ||| Stepping ~*~*~tactically~*~*~ (stealth).
  4031 | D:5      | 4031 ||| READING scroll labelled CUTTU IRAOHOPT.
  4032 | D:5      | 4032 ||| DRINKING 2 silvery potions.
  4033 | D:5      | 4033 ||| READING 2 scrolls of identify.
  4033 | D:5      | 4033 ||| IDENTIFYING bubbling golden potion
  4034 | D:5      | 4034 ||| DROPPING potion of brilliance.
  4055 | D:6      | 4055 ||| PLANNING SEWER
  4067 | D:6      | 4067 ||| STAIRDANCE
  4071 | D:5      | Reached XP level 8. HP: 41/48 MP: 9/9
  4152 | D:6      | Noticed a yak
  4153 | D:6      | 4153 ||| Stepping ~*~*~tactically~*~*~ (stealth).
  4182 | D:6      | Reached skill level 7 in Axes
  4329 | D:6      | Found Xifeigg's Distillery.
  4332 | D:6      | Noticed a yak
  4333 | D:6      | Noticed a yak
  4333 | D:6      | Noticed a yak
  4334 | D:6      | Noticed a yak
  4334 | D:6      | Noticed a yak
  4335 | D:6      | 4335 ||| Stepping ~*~*~tactically~*~*~ (stealth).
  4337 | D:6      | 4337 ||| Stepping ~*~*~tactically~*~*~ (stealth).
  4338 | D:6      | 4338 ||| INVOKING Fiery Armour.
  4342 | D:6      | Killed a yak
  4342 | D:6      | HP: 9/48 [yak (9)]
  4343 | D:6      | 4343 ||| READING scroll of teleportation.
  4343 | D:6      | Killed a yak
  4345 | D:6      | Slain by a yak

Levels and vault maps discovered:
D:1:      nicolae_arrival_somewhat_less_tricky_arrival, layout_loops_ring,
          minmay_hexomino_f4
D:2:      layout_loops_cross
D:3:      layout_loops_ring, roderic_serpentine_path
D:4:      cheibrodos_helix_gallery, layout_rooms, nicolae_uskayaw_dance_hall,
          minmay_temple_entry_grid
D:5:      layout_loops_ring, gammafunk_ghost_stat_death, serial_bayou,
          serial_bayou_pond_a, serial_bayou_pond_c, serial_bayou_shore_a,
          serial_bayou_pond_d
D:6:      layout_layer_cave, serial_shops,
          nicolae_shop_competitors_out_of_business, portal_sewer_entry_d,
          uniq_prince_ribbit1

Skill      XL: |  1  2  3  4  5  6  7  8 |
---------------+-------------------------+-----
Axes           | 3 4 5 6 7 |  7.0
Armour         | 2 3 |  3.2
Shields        | 3 |  3.5
Fighting       | 4 5 |  5.8
Throwing       | 1 2 |  2.8
Spellcasting   | |  1.0
Fire Magic     | |  3.0

Action                     |  1- 3 |  4- 6 |  7- 9 || total
---------------------------+-------+-------+-------++-------
  Melee: Hand axe          |    94 |       |       ||    94
         War axe           |    40 |    77 |    88 ||   205
  Throw: Javelin           |       |     2 |    23 ||    25
         Boomerang         |       |     1 |       ||     1
 Invoke: Fiery Armour      |     1 |     3 |     1 ||     5
    Use: Scroll            |     2 |     9 |     3 ||    14
         Potion            |     1 |       |     1 ||     2
 Armour: Robe              |    60 |     3 |       ||    63
         Scale mail        |       |     5 |       ||     5
         Chain mail        |       |    41 |    67 ||   108
  Dodge: Dodged            |    90 |    26 |    34 ||   150
  Block: Buckler           |       |    16 |    26 ||    42

Table legend:
 A = Non-vault XP
 B = Vault XP
 C = Vault XP percentage of total XP
 D = Non-vault monster count
 E = Vault monster count
 F = Vault count percentage of total count
                 A         B        C        D         E       F
            +---------+---------+-------+---------+---------+-------
      Total |    1773 |     136 |   7.1 |      96 |       6 |   5.9
            +---------+---------+-------+---------+---------+-------
        D:1 |      34 |      10 |  22.7 |      21 |       4 |  16.0
        D:2 |      64 |       0 |   0.0 |      15 |       0 |   0.0
        D:3 |      68 |       0 |   0.0 |      10 |       0 |   0.0
        D:4 |     278 |     126 |  31.2 |      22 |       2 |   8.3
        D:5 |     586 |       0 |   0.0 |      21 |       0 |   0.0
        D:6 |     743 |       0 |   0.0 |       7 |       0 |   0.0
            +---------+---------+-------+---------+---------+-------
